 Dungeon Crawl Stone Soup version 0.16.0-17-g811c1d7 (webtiles) character file.

271 Sorcv the Covert (level 6, -6/35 HPs)
             Began as a Kobold Assassin on Mar 21, 2015.
             Mangled by a goliath beetle (25 damage)
             ... on level 7 of the Dungeon.
             The game lasted 00:05:50 (1395 turns).

Sorcv the Covert (Kobold Assassin)                  Turns: 1395, Time: 00:05:50

Health: -6/35      AC:  3    Str: 10    XL:     6   Next: 47%
Magic:  6/6        EV: 17    Int:  9    God:
Gold:   102        SH:  0    Dex: 19    Spells: 0 memorised, 5 levels left

rFire  . . .     SeeInvis .     a - +2 dagger
rCold  . . .     Clarity  .     c - +0 robe
rNeg   . . .     SustAb   .     (no shield)
rPois  .         Gourm    .     (no helmet)
rElec  .         Spirit   .     d - +0 cloak
rCorr  .         Warding  .     (no gloves)
rMut   .         Stasis   .     (no boots)
MR     .....                    (no amulet)
Stlth  +++++.....               (no ring)
                                (no ring)

@: not resistant to hostile enchantments, quite stealthy
A: carnivore 3
a: no special abilities


You were on level 7 of the Dungeon.
You were not hungry.

You visited 1 branch of the dungeon, and saw 5 of its levels.

You collected 102 gold pieces.

Inventory:

Hand weapons
 a - a +2 dagger (weapon)
 b - a +0 blowgun
Missiles
 e - 10 poisoned needles
 f - 6 curare-tipped needles
Armour
 c - a +0 robe (worn)
 d - a +0 cloak (worn)
Scrolls
 h - 4 scrolls of identify {unknown}
 l - 2 scrolls of amnesia {unknown}
 n - a scroll of enchant armour {unknown}
 o - a scroll of fear {unknown}
 q - a scroll of teleportation {unknown}
 s - a scroll of fog {unknown}
 u - 2 scrolls of magic mapping {unknown}
Potions
 i - a potion of ambrosia {unknown}
 j - 2 potions of lignification {unknown}
 m - a potion of heal wounds {unknown}
 r - a potion of invisibility {unknown}
 t - a potion of magic {unknown}
 v - a potion of berserk rage {unknown}
Comestibles
 g - 2 meat rations
 k - 2 beef jerkies
 p - a royal jelly
 w - a slice of pizza


   Skills:
 - Level 2.1 Fighting
 - Level 2.6 Short Blades
 - Level 2.6 Throwing
 + Level 3.5 Dodging
 * Level 9.3 Stealth


You had 5 spell levels left.
You didn't know any spells.

Dungeon Overview and Level Annotations

Branches:
Dungeon (7/15)
 Temple: D:4-7

Altars:
Cheibriados
Qazlal
Trog
Yredelemnul

Shops:
D:4 %


Innate Abilities, Weirdness & Mutations

You are small and have problems with some larger weapons.
You are carnivorous and can eat meat at any time.


Message History

You shoot a curare-tipped needle.
The curare-tipped needle hits the goliath beetle.
The goliath beetle is poisoned.
The goliath beetle convulses.
The goliath beetle seems to slow down.
The goliath beetle is lightly wounded.
a - a +2 dagger (weapon)
Things that are here:
a giant club; an ogre corpse
Things that are here:
a curare-tipped needle; a goblin corpse You hear the slow hiss of a very distant avalanche of sand.
You hit the goliath beetle but do no damage.
The goliath beetle is heavily wounded.
You hit the goliath beetle but do no damage.
The goliath beetle is heavily wounded.
You hit the goliath beetle but do no damage.
The goliath beetle is severely wounded.
The goliath beetle bites you!!
Ouch! That really hurt!
You die...

##.....##..
.#.......#..###
..#.......#......
......_..........#
#.......#......#
#.......#......#
#.....##......#
...####.####......#
...(..(.B@(.)......#
#######..#........#
##.###.......###
#...............
#...............
#...........####
#..........##
#..........#
#..........#..#


You could see a goliath beetle.

Vanquished Creatures
  An ogre (D:7)
  A centaur (D:7)
  A centaur zombie (D:7)
  2 adders
  A giant mite (D:1)
  A giant gecko (D:2)
  3 orcs (D:3)
  A hobgoblin (D:1)
  6 jackals (D:1)
  6 kobolds
  A quokka (D:3)
  2 ball pythons
  8 bats
  3 giant cockroaches
  5 giant newts
  3 goblins
  4 rats
49 creatures vanquished.

Notes
Turn   | Place    | Note
--------------------------------------------------------------
     0 | D:1      | Sorcv, the Kobold Assassin, began the quest for the Orb.
     0 | D:1      | Reached XP level 1. HP: 12/12 MP: 1/1
   131 | D:1      | Reached XP level 2. HP: 14/17 MP: 2/2
   280 | D:1      | Reached skill level 6 in Stealth
   377 | D:1      | Reached XP level 3. HP: 21/21 MP: 3/3
   486 | D:2      | Reached skill level 7 in Stealth
   666 | D:2      | Found a stormy altar of Qazlal.
   968 | D:3      | Reached XP level 4. HP: 18/26 MP: 4/4
  1109 | D:3      | Found a snail-covered altar of Cheibriados.
  1242 | D:3      | Found a bloodstained altar of Trog.
  1309 | D:4      | Found Wuforpha's Food Shop.
  1339 | D:4      | You fall through a shaft for 3 floors!
  1339 | D:7      | Noticed a centaur
  1344 | D:7      | Killed a centaur
  1344 | D:7      | Reached skill level 8 in Stealth
  1344 | D:7      | Reached XP level 5. HP: 30/30 MP: 5/5
  1370 | D:7      | Found a basalt altar of Yredelemnul.
  1371 | D:7      | Noticed an ogre
  1385 | D:7      | Killed an ogre
  1385 | D:7      | Reached skill level 9 in Stealth
  1385 | D:7      | Reached XP level 6. HP: 18/35 MP: 6/6
  1395 | D:7      | Mangled by a goliath beetle

Action                   |  1- 3 |  4- 6 || total
-------------------------+-------+-------++-------
Melee: Dagger            |    80 |    50 ||   130
 Fire: Blowgun           |       |     4 ||     4
 Stab: Sleeping          |    12 |     5 ||    17
       Distracted        |       |     2 ||     2
  Eat: Chunk             |     1 |     2 ||     3
